 Dungeon Crawl Stone Soup version 0.31-a0-246-g8cbcc1cb85 (webtiles) character file.

Game seed: 14960426312804635784

114 qw the Shooter (level 4, -1/37 HPs)
             Began as a Minotaur Hexslinger on July 12, 2023.
             Slain by a hornet (5 damage)
             ... on level 4 of the Dungeon.
             The game lasted 00:00:59 (2279 turns).

qw the Shooter (Minotaur Hexslinger)                Turns: 2279, Time: 00:00:59

Health: -1/37      AC:  5    Str: 13    XL:     4   Next: 66%
Magic:  4/4        EV: 11    Int: 10    God:
Gold:   168        SH:  0    Dex: 14    Spells: 4/5 levels left

rFire   . . .        Y - +2 sling
rCold   . . .        (no shield)
rNeg    . . .        h - +0 ring mail
rPois   +            (helmet restricted)
rElec   .            (no cloak)
rCorr   .            (no gloves)
SInv    .            (no boots)
Will    .....        (no amulet)
Stlth   +            d - ring of poison resistance
HPRegen 0.26/turn    (no ring)
MPRegen 0.09/turn

%: no passive effects
@: lethally poisoned (-1 -> -6), slowed, very slow
A: horns 2, retaliatory headbutt
a: no special abilities


You were on level 4 of the Dungeon.
You visited 1 branch of the dungeon, and saw 4 of its levels.

You collected 168 gold pieces.


Innate Abilities, Weirdness & Mutations

You have a pair of horns on your head.
You reflexively headbutt those who attack you in melee.


   Skills:
 - Level 2.6 Fighting
 - Level 5.0 Ranged Weapons
 + Level 0.0 Armour
 - Level 2.1 Dodging
 - Level 1.0 Spellcasting
 - Level 2.0 Hexes


You had 4 spell levels left.
You knew the following spells:

 Your Spells              Type           Power      Damage    Failure   Level
a - Slow                  Hex            16%        N/A       32%         1

Your spell library contained the following spells:

 Spells                   Type           Power      Damage    Failure   Level
 Inner Flame              Hex/Fire       2%         N/A       83%         3
 Portal Projectile        Hex/Tloc       4%         N/A       83%         3
 Cause Fear               Hex            2%         N/A       97%         4

Inventory:

Hand Weapons
 Y - a +2 sling (weapon)
Armour
 h - a +0 ring mail (worn)
Jewellery
 d - a ring of poison resistance (left hand)
 j - a ring of fire
Scrolls
 a - a scroll of enchant armour
Potions
 b - a potion of lignification {unknown}
 e - a potion of attraction {unknown}
 i - 2 potions of curing
 k - a potion of resistance {unknown}

Dungeon Overview and Level Annotations

Branches:
Dungeon (4/15)
 Temple: D:4-7

Altars:

Annotations:
D:3 1 runed translucent door, Crazy Yiuf


Message History

What level of the Dungeon? (default 1, ? - help)
There is a stone staircase leading down here.
You climb downwards.
You hear the sound of rushing water.
There is an entrance to a sewer on this level.
Hurry and find it before the portal rusts away!
There is a stone staircase leading up here.
Waypoint 3 assigned to D:4.
2255 ||| PLANNING SEWER A hornet comes into view.
The hornet buzzes angrily.
You shoot a sling bullet.
The sling bullet closely misses the hornet.
You shoot a sling bullet. The sling bullet hits the hornet.
The hornet is lightly wounded.
You shoot a sling bullet. The sling bullet hits the hornet.
The hornet is moderately wounded.
The hornet barely misses you.
You shoot a sling bullet.
The sling bullet closely misses the hornet.
The hornet stings you but does no damage.
The hornet stings you!
You shoot a sling bullet.
The sling bullet barely misses the hornet.
The hornet stings you!
You feel yourself slow down. The hornet barely misses you.
You furiously retaliate!
You headbutt the hornet. You shoot a sling bullet.
The sling bullet closely misses the hornet.
You feel yourself speed up. The hornet stings you.
You are poisoned.
The hornet stings you.
You feel yourself slow down. The hornet stings you.
You feel as though you will be slow longer.
You shoot a sling bullet. The sling bullet hits the hornet.
The hornet is heavily wounded.
You feel very sick. The hornet stings you!
You feel as though you will be slow longer.
The hornet misses you. You furiously retaliate!
You headbutt the hornet! The hornet stings you.
You die...

#.#..........#
#.#..........#
#.#..........#
#.#..........#
#.........####
###.#####.###
#.........#
#.#######.#
#@# #y# #.#
#.# #.# #.#
#.# #..


You could see a hornet.

Vanquished Creatures
  3 adders
  4 dart slugs
  A worm (D:2)
  5 orcs (D:3)
  11 ball pythons
  9 endoplasms
  2 giant cockroaches (D:1)
  8 goblins
  5 hobgoblins
  3 jackals (D:1)
  A quokka (D:1)
  2 bats
  4 kobolds
  6 rats
64 creatures vanquished.

Notes
Turn   | Place    | Note
-------+----------+-------------------------------------------
     0 | D:1      | qw the Minotaur Hexslinger began the quest for the Orb.
     0 | D:1      | Reached XP level 1. HP: 16/16 MP: 1/1
     0 | D:1      | 0 ||| qw: Version: 0.3-a-52-g30416fa
     0 | D:1      | 0 ||| qw: Game counter: 6221
     0 | D:1      | 0 ||| qw: Melee chars always use a shield: true
     0 | D:1      | 0 ||| qw: God list: Okawaru
     0 | D:1      | 0 ||| qw: Allow faded altars: false
     0 | D:1      | 0 ||| qw: Do Orc after clearing Dungeon:15 true
     0 | D:1      | 0 ||| qw: Do second Lair branch before Depths: true
     0 | D:1      | 0 ||| qw: Lair rune preference: random
     0 | D:1      | 0 ||| qw: Goals: Normal
     0 | D:1      | 0 ||| PLANNING D:1-11
   188 | D:1      | Reached skill level 3 in Ranged Weapons
   188 | D:1      | Reached XP level 2. HP: 23/23 MP: 2/2
   685 | D:1      | 685 ||| UPGRADING to +0 leather armour.
   695 | D:1      | 695 ||| DROPPING +0 robe.
   696 | D:1      | 696 ||| READING 2 scrolls labelled ICUNED FEAMETA.
   697 | D:1      | 697 ||| READING scroll labelled KEIK REEDOHE.
   698 | D:1      | 698 ||| DRINKING 2 dark potions.
   703 | D:1      | 703 ||| DRINKING 2 sedimented purple potions.
   704 | D:1      | 704 ||| DROPPING scroll of blinking.
   705 | D:1      | 705 ||| DROPPING scroll of poison.
   706 | D:1      | 706 ||| DROPPING potion of ambrosia.
   707 | D:1      | 707 ||| DROPPING potion of brilliance.
   744 | D:2      | 744 ||| STAIRDANCE
   755 | D:1      | Reached XP level 3. HP: 21/29 MP: 3/3
   943 | D:2      | Reached skill level 4 in Ranged Weapons
  1045 | D:2      | 1045 ||| FLEEEEING.
  1046 | D:2      | 1046 ||| FLEEEEING.
  1397 | D:2      | 1397 ||| READING 2 scrolls labelled JUEHOX KEIMEV.
  1398 | D:2      | 1398 ||| READING scroll labelled MIUNOYSO NUMN.
  1402 | D:2      | 1402 ||| DRINKING 2 pink potions.
  1403 | D:2      | 1403 ||| DROPPING potion of magic.
  1419 | D:3      | 1419 ||| STAIRDANCE
  1422 | D:2      | Reached XP level 4. HP: 26/36 MP: 4/4
  1618 | D:3      | Reached skill level 5 in Ranged Weapons
  2109 | D:3      | Found a runed translucent door.
  2110 | D:3      | Noticed Crazy Yiuf
  2177 | D:3      | 2177 ||| UPGRADING to +0 ring mail.
  2187 | D:3      | 2187 ||| DROPPING +0 leather armour.
  2188 | D:3      | 2188 ||| UPGRADING to ring of poison resistance.
  2189 | D:3      | 2189 ||| READING scroll labelled WEXZYS QEEMOE.
  2190 | D:3      | 2190 ||| READING scroll labelled PAMUMPU IGHAV.
  2191 | D:3      | 2191 ||| READING scroll labelled YGOHIE AR PAM.
  2192 | D:3      | 2192 ||| DRINKING 3 yellow potions.
  2255 | D:4      | 2255 ||| PLANNING SEWER
  2272 | D:4      | Noticed a hornet
  2279 | D:4      | HP: 4/37 [hornet (8)]
  2279 | D:4      | Slain by a hornet

Levels and vault maps discovered:
D:1:      kennysheep_arrival_forest, layout_loops_cross, serial_bayou_pond_c
D:2:      layout_basic
D:3:      layout_loops_ring, uniq_crazy_yiuf_cottage
D:4:      layout_basic, mainiacjoe_overflow_catwalk_spiral,
          portal_sewer_entry_d, uniq_ijyb

Skill      XL: |  1  2  3  4 |
---------------+-------------+-----
Ranged Weapons | 3 4 5 |  5.0
Fighting       | 2 |  2.6
Dodging        | |  2.1
Spellcasting   | |  1.0
Hexes          | |  2.0

Action                     |  1- 3 |  4- 6 || total
---------------------------+-------+-------++-------
   Fire: Sling             |   127 |    84 ||   211
    Use: Scroll            |     4 |     3 ||     7
         Potion            |     3 |     1 ||     4
 Armour: Leather armour    |     8 |     7 ||    15
         Robe              |     2 |       ||     2
         Ring mail         |       |     1 ||     1
  Dodge: Dodged            |    37 |    42 ||    79

Table legend:
 A = Non-vault XP
 B = Vault XP
 C = Vault XP percentage of total XP
 D = Non-vault monster count
 E = Vault monster count
 F = Vault count percentage of total count
                 A         B        C        D         E       F
            +---------+---------+-------+---------+---------+-------
      Total |     163 |       0 |   0.0 |      64 |       0 |   0.0
            +---------+---------+-------+---------+---------+-------
        D:1 |      42 |       0 |   0.0 |      22 |       0 |   0.0
        D:2 |      64 |       0 |   0.0 |      21 |       0 |   0.0
        D:3 |      57 |       0 |   0.0 |      21 |       0 |   0.0
            +---------+---------+-------+---------+---------+-------
